 Dungeon Sprint DCSS version 0.30-a0-534-gdc55766716 (webtiles) character file.

Game seed: 5388877667775028602

1184 rocky1 the Basher (level 8, -5/81 HPs)
             Began as a Minotaur Fighter on Dec 25, 2022.
             Was an Initiate of Gozag.
             Slain by Snorg (18 damage)
             ... in the Dungeon (Sprint III: "The Ten Rune Challenge").
             The game lasted 00:03:18 (863 turns).

rocky1 the Basher (Minotaur Fighter)                 Turns: 863, Time: 00:03:18

Health: -5/81      AC: 15    Str: 21    XL:     8   Next: 19%
Magic:  7/7        EV:  7    Int:  5    God:    Gozag
Gold:   72         SH:  6    Dex: 12    Spells: 7/7 levels left

rFire   + . .      SeeInvis .    a - +0 flail
rCold   + . .      Faith    .    c - +0 buckler
rNeg    . . .      Spirit   .    s - +0 plate armour
rPois   +          Reflect  .    (helmet restricted)
rElec   +          Harm     .    (no cloak)
rCorr   +          Rampage  .    (no gloves)
Will    .....      NoTele   +    (no boots) Stlth
                                 (no amulet)
HPRegen 0.33/turn                (no ring)
MPRegen 0.10/turn                (no ring)

@: mighty, resistant, on berserk cooldown, slowed, invisible, very slow
A: horns 2, retaliatory headbutt
a: Renounce Religion, Potion Petition, Call Merchant, Bribe Branch


You were in the Dungeon.
You worshipped Gozag.
Gozag was noncommittal.
You visited 1 branch You collected 512 gold pieces.
You paid 440 gold pieces to Gozag.

Inventory:

Hand Weapons
 a - a +0 flail (weapon)
Missiles
 k - 5 boomerangs (quivered)
 l - 6 javelins
Armour
 b - a +0 scale mail
 c - a +0 buckler (worn)
 s - a +0 plate armour (worn)
Wands
 f - a wand of roots (11)
Scrolls
 m - a scroll of immolation {unknown}
 n - 3 scrolls of identify
 q - a scroll of torment {unknown}
Potions
 d - a potion of might
 e - a potion of curing
 g - a potion of haste
 h - 2 potions of magic
 o - a potion of lignification {unknown}
 p - 4 potions of flight
 r - 4 potions of mutation


   Skills:
 + Level 10.6 Fighting
 + Level 11.2 Maces & Flails
 + Level 4.3 Throwing
 + Level 11.1 Armour
 + Level 2.3 Dodging
 + Level 0.4 Stealth
 + Level 9.3 Shields
 * Level 4.0 Evocations


You had 7 spell levels left.
You didn't know any spells.
Your spell library contained the following spells:

 Spells                   Type           Power      Damage    Failure   Level
 Alistair's Intoxication  Tmut/Pois      0%         N/A       100%        5
 Borgnjor's Vile Clutch   Necr/Erth      0%         N/A       100%        5
 Eringya's Noxious Bog    Tmut/Pois      0%         N/A       100%        6


Dungeon Overview and Level Annotations

Branches:
Dungeon (1/1)

Altars:
Cheibriados
Dithmenos
Elyvilon
Fedhas
Gozag
Hepliaklqana
Kikubaaqudgha
Makhleb
Nemelex Xobeh
Okawaru
Qazlal
Ru
Sif Muna
Trog
Uskayaw
Vehumet
Wu Jian
Xom
Yredelemnul
Zin
The Shining One
Jiyva
Lugonu

Annotations:
D Snorg


Innate Abilities, Weirdness & Mutations

You have a pair of horns on your head.
You reflexively headbutt those who attack you in melee.


Message History

Snorg barely misses you. You furiously retaliate!
You headbutt Snorg! Snorg barely misses you. Snorg claws you! Snorg bites you.
Snorg closely misses you. Snorg barely misses you.
Blink to where?
Press: ? - help, Dir - move target, p - Snorg
As you read the scroll of blinking, it crumbles to dust.
You sock Snorg! Your headbutt misses Snorg.
Snorg is moderately wounded.
Snorg bites you but does no damage. Snorg claws you! Snorg claws you.
Snorg closely misses you. Snorg claws you. You block Snorg's attack.
Okay, then. [a] - 330 gold - haste and heal wounds [b] - 264 gold - curing and magic [c] - 440 gold - invisibility, might and resistance Purchase which effect?
You no longer have enough gold to petition Gozag for potion effects.
You fade into invisibility!
You feel very mighty all of a sudden.
You feel protected. Snorg barely misses you. You furiously retaliate!
You headbutt Snorg!
Snorg barely misses you. x2; You block Snorg's attack.
Snorg claws you! Snorg barely misses you. You block Snorg's attack.
Snorg claws you but does no damage. x2
Unknown command.
You sock Snorg! You headbutt Snorg!!
Snorg is heavily wounded.
Snorg bites you! Snorg closely misses you. Snorg claws you!
* * * LOW HITPOINT WARNING * * *
Snorg barely misses you. Snorg claws you but does no damage. Snorg claws you.
* * * LOW HITPOINT WARNING * * *
Unknown command.
You feel better. Snorg completely misses you. Snorg barely misses you.
Snorg claws you!
* * * LOW HITPOINT WARNING * * *
You block Snorg's attack. Snorg claws you but does no damage. x2
Unknown command.
You sock Snorg! You headbutt Snorg!
Snorg is severely wounded.
Snorg bites you!!
You die...
Your body crumbles into a pile of gold.

▓▓▓ ### ##.############
$ ..#####..#___#___#__#
$$ $ $ $
...#..#..#.).#__.#._#$
$
.).#..#..###'#)###)##$$
#..##'#..#......@T..#$$
#..###...'.⌠........# $
$$ $
..####...#...######'#


$$$$$$ ..###....#)⌠.#__#...#+##### ..##.....#...#__#...#.§~~~+
..#......#'###__#...#.#§§~# ##.#.....#)..#__#...'.#§§§#
####....#___#__'..§#.#...# ▓▓▓▓▓▓▓▓▓▓▓▓▓▓▓▓▓▓▓▓▓▓▓ You could see Snorg (berserk,
unable to see you).

Vanquished Creatures
  A deep elf pyromancer (D)
  A shadow (D)
  A spatial vortex (D)
  A necrophage (D)
  A water elemental (D)
  A jelly (D)
  Jessica (D)
  A wizard (D)
  A necromancer (D)
  3 humans (D)
  A kobold demonologist (D)
  A wolf (D)
  An endoplasm (D)
  2 rats (D)
17 creatures vanquished.

Notes
Turn   | Place    | Note
-------+----------+-------------------------------------------
     0 | D        | rocky1 the Minotaur Fighter began the quest for the Orb.
     0 | D        | Reached XP level 1. HP: 19/19 MP: 0/0
    38 | D        | Noticed Jessica
    44 | D        | Killed Jessica
    45 | D        | Reached skill level 5 in Fighting
    45 | D        | Reached skill level 5 in Armour
    45 | D        | Reached skill level 5 in Shields
    45 | D        | Reached XP level 2. HP: 17/29 MP: 1/1
    45 | D        | Reached XP level 3. HP: 21/36 MP: 2/2
   167 | D        | Noticed a water elemental
   172 | D        | Killed a water elemental
   173 | D        | Reached skill level 5 in Maces & Flails
   173 | D        | Reached skill level 1 in Throwing
   173 | D        | Reached XP level 4. HP: 47/47 MP: 3/3
   312 | D        | Reached XP level 5. HP: 49/52 MP: 4/4
   323 | D        | Noticed a shadow
   339 | D        | Killed a shadow
   340 | D        | Reached XP level 6. HP: 19/62 MP: 5/5
   484 | D        | Found a blossoming altar of Fedhas.
   484 | D        | Found a stormy altar of Qazlal.
   484 | D        | Found a snail-covered altar of Cheibriados.
   484 | D        | Found a burning altar of Makhleb.
   484 | D        | Found a shimmering altar of Xom.
   485 | D        | Found a hazy altar of Hepliaklqana.
   485 | D        | Found an opulent altar of Gozag.
   485 | D        | Found a sparkling altar of Nemelex Xobeh.
   485 | D        | Found a corrupted altar of Lugonu.
   485 | D        | Found a viscous altar of Jiyva.
   485 | D        | Noticed a spatial vortex
   490 | D        | Became a worshipper of Gozag Ym Sagoz the Greedy
   500 | D        | Killed a spatial vortex
   501 | D        | Reached skill level 1 in Dodging
   625 | D        | Found a basalt altar of Yredelemnul.
   625 | D        | Found a shadowy altar of Dithmenos.
   625 | D        | Found a sacrificial altar of Ru.
   671 | D        | Found a radiant altar of Vehumet.
   671 | D        | Found a shimmering blue altar of Sif Muna.
   671 | D        | Found an ancient bone altar of Kikubaaqudgha.
   679 | D        | Reached XP level 7. HP: 47/70 MP: 6/6
   763 | D        | Found a glowing silver altar of Zin.
   763 | D        | Found a glowing golden altar of the Shining One.
   763 | D        | Found a white marble altar of Elyvilon.
   764 | D        | Noticed a deep elf pyromancer
   770 | D        | Noticed a fire elemental
   770 | D        | Noticed a fire elemental
   771 | D        | Killed a deep elf pyromancer
   772 | D        | Reached skill level 10 in Fighting
   772 | D        | Reached skill level 10 in Maces & Flails
   772 | D        | Reached skill level 10 in Armour
   796 | D        | Found a hide-covered altar of Uskayaw.
   796 | D        | Found an iron altar of Okawaru.
   796 | D        | Found a bloodstained altar of Trog.
   796 | D        | Found an ornate altar of the Wu Jian Council.
   796 | D        | Noticed a human
   798 | D        | Noticed a human
   800 | D        | Killed a human
   801 | D        | Reached XP level 8. HP: 80/80 MP: 7/7
   843 | D        | Noticed Snorg
   863 | D        | Slain by Snorg

Illustrated notes

Levels and vault maps discovered:
D:        dungeon_sprint_mu [sprint_mu_entry_cave, sprint_mu_temple_rooms,
          sprint_mu_d1_horrors, sprint_mu_d2_genie, sprint_mu_d3_branching,
          sprint_mu_orc_legion, sprint_mu_elf_gauntlet, sprint_mu_hive_nellie,
          sprint_mu_lair_fedhas, sprint_mu_vaults_butterflies,
          sprint_mu_slime_circle, sprint_mu_shoals_kraken,
          sprint_mu_snake_twists, sprint_mu_blade_basic, sprint_mu_crypt_lich,
          sprint_mu_tomb_spiral, sprint_mu_vestibule_basic,
          sprint_mu_gehenna_hellfire, sprint_mu_dis_giant,
          sprint_mu_tartarus_statrot, sprint_mu_cocytus_islands, sprint_mu_zot1]

Skill      XL: |  1  2  3  4  5  6  7  8 |
---------------+-------------------------+-----
Fighting       | 5 7 8 9 10 | 10.6
Armour         | 5 6 7 8 9 10 11 | 11.1
Shields        | 5 6 7 8 9 |  9.3
Maces & Flails | 3 5 7 8 10 11 | 11.2
Throwing       | 1 2 3 4 |  4.3
Dodging        | 1 2 |  2.3
Evocations     | 3 4 |  4.0
Stealth        | |  0.4

Action                   |  1- 3 |  4- 6 |  7- 9 || total
-------------------------+-------+-------+-------++-------
Melee: Flail             |    23 |    41 |    18 ||    82
       Headbutt          |     5 |    14 |     7 ||    26
Throw: Boomerang         |     5 |     4 |     2 ||    11
Invok: Potion Petition   |       |       |     1 ||     1
  Use: Potion            |     1 |     1 |     2 ||     4
       Scroll            |       |       |     1 ||     1
Armor: Scale mail        |     3 |    12 |     2 ||    17
       Plate armour      |       |       |     8 ||     8
Dodge: Dodged            |     9 |     5 |    16 ||    30
Block: Buckler           |     4 |     2 |     5 ||    11

Table legend: (Time is in decaauts)
 A = Elapsed time spent in this place.
 B = Non-inter-level travel time spent in this place.
 C = Inter-level travel time spent in this place.
 D = Time resting spent in this place.
 E = Time spent auto-exploring this place.
 F = Levels seen in this place.
 G = Mean time per level.
                   A        B        C        D        E       F      G
               +--------+--------+--------+--------+--------+-----+--------+
         Total |    890 |    890 |      0 |    545 |     11 |   1 |  890.0 |
       Dungeon |    890 |    890 |      0 |    545 |     11 |   1 |  890.0 |
               +--------+--------+--------+--------+--------+-----+--------+

Top non-repeatable levels by time:
       D: 890 daAuts
